 Dungeon Crawl Stone Soup version 0.23.1 (webtiles) character file.

Game seed: 2634454120558705046

4036 zedzed the Carver (level 10, -11/82 HPs)
             Began as a Demonspawn Gladiator on Mar 13, 2019.
             Was a Follower of Qazlal.
             Mangled by Joseph
             ... wielding a +0 quarterstaff
              (15 damage)
             ... on level 8 of the Dungeon on Mar 14, 2019.
             The game lasted 00:23:09 (8056 turns).

zedzed the Carver (Demonspawn Gladiator)            Turns: 8056, Time: 00:23:09

Health: -11/82     AC:  7    Str: 18    XL:     10   Next: 4%
Magic:  0/10       EV: 14    Int: 15    God:    Qazlal [*.....]
Gold:   468        SH:  2    Dex: 14    Spells: 9/9 levels left

rFire    . . .     SeeInvis .   r - +0 rapier
rCold    . . .     Gourm    .   (no shield)
rNeg     + . .     Faith    .   k - +2 leather armour {rN+}
rPois    .         Spirit   +   c - +0 helmet
rElec    .         Reflect  .   (no cloak)
rCorr    +         Harm     .   p - +0 pair of gloves
MR       .....                  (no boots)
Stlth    +.........             (no amulet)
HPRegen  0.23/turn              m - ring of resist corrosion
MPRegen  0.24/turn              w - ring of flight

@: brilliant
A: talons 1, repulsion field 1, spiny 2, magic shield, magic regeneration
a: Renounce Religion, Evoke Flight


You were on level 8 of the Dungeon.
You worshipped Qazlal.
Qazlal was aware of your devotion.
You were not hungry.

You visited 2 branches of the dungeon, and saw 9 of its levels.

You collected 468 gold pieces.

Inventory:

Hand Weapons
 a - a +0 long sword
 i - a +1 hand axe of chopping
 r - a +0 rapier (weapon)
 z - a +2 shortbow of flaming
 C - the +7 scimitar of Xom's Brutal Revenge {freeze, rN+ Str+2 Stlth+, unknown}
   (You found it on level 6 of the Dungeon)

   It has been specially enchanted to freeze those struck by it, causing extra
   injury to most foes and up to half again as much damage against particularly
   susceptible opponents.
   It can also slow down cold-blooded creatures.
   It affects your strength (+2).
   It protects you from negative energy.
   It makes you more stealthy.
Missiles
 e - 5 javelins of penetration (quivered)
 A - 133 arrows
Armour
 c - a +0 helmet (worn)
 k - a +2 leather armour of positive energy (worn)
 p - a +0 pair of gloves (worn)
Jewellery
 m - a ring of resist corrosion (left hand)
 n - an uncursed ring of fire
 w - a ring of flight (right hand)
 H - an uncursed ring of magical power
 M - a +4 ring of strength {unknown}
Wands
 v - a wand of random effects (40)
 G - a wand of paralysis (4)
 L - a wand of flame (41)
Scrolls
 g - 11 scrolls of identify
 h - a scroll of amnesia
 j - 8 scrolls of teleportation
 q - a scroll of magic mapping
 y - a scroll of enchant armour {unknown}
 B - a scroll of immolation {unknown}
 D - 3 scrolls of remove curse
 F - a scroll of silence {unknown}
 I - a scroll of summoning {unknown}
 K - a scroll of enchant weapon {unknown}
 N - a scroll of blinking
Potions
 b - 3 potions of might
 d - a potion of resistance {unknown}
 l - 2 potions of haste {unknown}
 o - 2 potions of flight {unknown}
 s - a potion of cancellation {unknown}
 t - 2 potions of brilliance
 u - a potion of lignification {unknown}
 x - a potion of curing {unknown}
 E - a potion of agility {unknown}
 J - a potion of invisibility {unknown}
Comestibles
 f - 14 rations
 O - 2 chunks of flesh


   Skills:
 + Level 8.7 Fighting
 * Level 11.1 Long Blades
 - Level 1.7 Throwing
 - Level 2.6 Dodging


You had 9 spell levels left.
You didn't know any spells.
Your spell library contained the following spells:

 Spells                   Type           Power        Failure   Level  Hunger
 Animate Skeleton         Necr           N/A          4%          1    ##.....
 Apportation              Tloc           #.....       4%          1    ##.....
 Confusing Touch          Hex            #.....       4%          1    ##.....
 Pain                     Necr           #...         4%          1    ##.....
 Summon Small Mammal      Summ           #...         4%          1    ##.....
 Confuse                  Hex            #.......     11%         3    ####...
 Gell's Gravitas          Tloc           #.........   11%         3    ####...
 Regeneration             Chrm/Necr      #.........   11%         3    ####...
 Vampiric Draining        Necr           #.........   11%         3    ####...
 Animate Dead             Necr           N/A          30%         4    #####..
 Petrify                  Tmut/Erth      #.......     30%         4    #####..
 Metabolic Englaciation   Hex/Ice        #.........   58%         5    ######.
 Yara's Violent Unravell  Hex/Tmut       #.........   58%         5    ######.


Dungeon Overview and Level Annotations

Branches:
Dungeon (8/15)             Temple (1/1) D:6
   Lair: D:8-11

Altars:
Ashenzari
Cheibriados
Dithmenos
Elyvilon
Fedhas
Gozag
Hepliaklqana
Kikubaaqudgha
Makhleb
Nemelex Xobeh
Okawaru
Qazlal
Ru
Sif Muna
Trog
Uskayaw
Wu Jian
Xom
Yredelemnul
The Shining One

Annotations:
D:4 3 runed translucent doors
D:5 2 transporters, Hylith's ghost, novice BaSu
D:8 Joseph


Innate Abilities, Weirdness & Mutations

You have sharp toenails.
You are surrounded by a mild repulsion field. (EV +2)
You are mostly covered in sharp spines.
When hurt, damage is shared between your health and your magic reserves.
You regenerate magic rapidly.


Message History

The sling bullet burns you.
You see here a sling bullet.
Joseph unwields a +3 hunting sling of flaming.
It stops flaming.
Joseph wields a +0 quarterstaff.
Joseph is struck by your spines. Joseph hits you with a +0 quarterstaff.
* * * LOW HITPOINT WARNING * * *
You puncture Joseph! You claw Joseph.
Joseph is heavily wounded.
Joseph is struck by your spines. Joseph hits you with a +0 quarterstaff.
* * * LOW HITPOINT WARNING * * *
You puncture Joseph!
Joseph is severely wounded.
You hit Joseph. Your kick misses Joseph.
Joseph is severely wounded.
Joseph hits you with a +0 quarterstaff!!
* * * LOW HITPOINT WARNING * * *
It was a potion of brilliance.
You feel clever all of a sudden. Joseph is struck by your spines.
Joseph hits you with a +0 quarterstaff!
You die...

# .# ##...# #
#+##.# #....#
#####...## #....#
.........# #....#
.........# ##.(##
........######(..##
........##...#(...#
###.....##.....°°.#
.##.....##.....☼@.#
.........'...###@.#
........###### ...#
..).(...## #...#
.........# ...(#
.........# #....#
########## ######


You could see Joseph.

Vanquished Creatures
  Grinder (D:5)
  Prince Ribbit (D:8)
  A yak (D:7)
  Sigmund (D:5)
  3 hogs
  A human (D:7)
  A hungry ghost (D:7)
  A steam dragon (D:8)
  An orc warrior (D:7)
  3 phantoms
  2 ice beasts
  2 ogres
  A necrophage (D:8)
  2 centaurs
  A big kobold (D:7)
  6 bullfrogs
  2 scorpions
  2 howler monkeys
  4 bullfrog zombies
  5 orc wizards
  2 orc priests
  4 hounds
  Jessica (D:3)
  A bullfrog skeleton (D:5)
  Ijyb (D:3)
  Terence (D:3)
  3 iguanas
  5 worker ants
  7 adders
  2 oozes
  3 adder skeletons (D:4)
  A worm (D:2)
  5 dart slugs
  2 leopard geckos (D:2)
  19 orcs
  6 bats
  10 giant cockroaches
  7 goblins
  6 hobgoblins
  7 jackals
  7 kobolds
  4 quokkas
  A ball python (D:5)
  4 frilled lizards
  2 jackal skeletons
  A leopard gecko skeleton (D:7)
  A quokka skeleton (D:4)
  9 rats
163 creatures vanquished.

Vanquished Creatures (others)
  An orc wizard (D:8)
  A leopard gecko (D:7)
2 creatures vanquished.

Grand Total: 165 creatures vanquished

Notes
Turn   | Place    | Note
-------+----------+-------------------------------------------
     0 | D:1      | zedzed the Demonspawn Gladiator began the quest for the
                  | Orb.
     0 | D:1      | Reached XP level 1. HP: 16/16 MP: 1/1
    69 | D:1      | Reached skill level 3 in Long Blades
   184 | D:1      | Gained mutation: When hurt, damage is shared between your
                  | health and your magic reserves. [demonic ancestry]
   184 | D:1      | Reached XP level 2. HP: 17/22 MP: 2/2
   625 | D:1      | Gained mutation: You are partially covered in sharp spines.
                  | [demonic ancestry]
   625 | D:1      | Reached XP level 3. HP: 28/28 MP: 3/3
  1337 | D:2      | Reached skill level 4 in Long Blades
  1337 | D:2      | Reached XP level 4. HP: 21/34 MP: 2/4
  1948 | D:3      | Noticed Ijyb
  1974 | D:3      | Killed Ijyb
  2008 | D:3      | Noticed Terence
  2021 | D:3      | Killed Terence
  2046 | D:3      | Noticed a centaur
  2064 | D:3      | Killed a centaur
  2064 | D:3      | Reached skill level 5 in Long Blades
  2064 | D:3      | Gained mutation: You are mostly covered in sharp spines.
                  | [demonic ancestry]
  2064 | D:3      | Reached XP level 5. HP: 36/42 MP: 3/5
  2108 | D:3      | Found a shadowy altar of Dithmenos.
  2202 | D:4      | Found a basalt altar of Yredelemnul.
  2212 | D:4      | Found an iron altar of Okawaru.
  2233 | D:5      | Entered Level 5 of the Dungeon
  2428 | D:5      | Noticed an ogre
  2438 | D:5      | Killed an ogre
  2438 | D:5      | Reached XP level 6. HP: 48/48 MP: 6/6
  2659 | D:5      | Found a blossoming altar of Fedhas.
  2815 | D:5      | Reached skill level 6 in Long Blades
  2894 | D:5      | Reached XP level 7. HP: 55/55 MP: 7/7
  2970 | D:5      | Found a hide-covered altar of Uskayaw.
  2973 | D:5      | Found a glowing golden altar of the Shining One.
  2973 | D:5      | Found a deep blue altar of Sif Muna.
  3042 | D:5      | Found a transporter.
  3043 | D:5      | Noticed Hylith's ghost (novice BaSu)
  3044 | D:5      | Found a transporter.
  3046 | D:5      | Identified the +2 dire flail "Reiruryr" {crush, rN+}
  3073 | D:5      | Noticed Sigmund
  3082 | D:5      | Killed Sigmund
  3082 | D:5      | Reached skill level 5 in Fighting
  3219 | D:5      | Noticed Grinder
  3221 | D:5      | Paralysed by Grinder for 3 turns
  3240 | D:5      | Paralysed by Grinder for 3 turns
  3257 | D:5      | Killed Grinder
  3257 | D:5      | Reached skill level 7 in Long Blades
  3545 | D:6      | Gained mutation: You regenerate magic rapidly. [demonic
                  | ancestry]
  3545 | D:6      | Reached XP level 8. HP: 61/64 MP: 8/8
  3853 | D:6      | Found a staircase to the Ecumenical Temple.
  3935 | D:6      | Found a stormy altar of Qazlal.
  4018 | D:6      | Got an ichor-stained scimitar
  4025 | Temple   | Entered the Ecumenical Temple
  4202 | D:6      | Became a worshipper of Qazlal Stormbringer
  4397 | D:3      | Found an ornate altar of the Wu Jian Council.
  4500 | D:3      | Noticed Jessica
  4511 | D:3      | Killed Jessica
  4824 | D:4      | Reached skill level 8 in Long Blades
  5144 | D:4      | Found a runed translucent gate.
  5144 | D:4      | Found a runed translucent gate.
  5337 | D:4      | Found a runed translucent gate.
  5346 | D:4      | Reached * piety under Qazlal
  6058 | D:7      | Reached skill level 9 in Long Blades
  6164 | D:7      | Gained mutation: You are surrounded by a mild repulsion
                  | field. (EV +2) [demonic ancestry]
  6164 | D:7      | Reached XP level 9. HP: 63/72 MP: 9/9
  6509 | D:6      | Reached skill level 10 in Long Blades
  7208 | D:7      | Found a burning altar of Makhleb.
  7378 | D:8      | Noticed Prince Ribbit
  7566 | D:8      | Killed Prince Ribbit
  7868 | D:8      | Reached skill level 11 in Long Blades
  7930 | D:8      | Gained mutation: You have sharp toenails. [demonic
                  | ancestry]
  7930 | D:8      | Reached XP level 10. HP: 72/82 MP: 10/10
  7963 | D:8      | Found a shimmering altar of Xom.
  8046 | D:8      | Noticed Joseph
  8055 | D:8      | HP: 3/82 [Joseph/+0 quarterstaff (15)]
  8056 | D:8      | Mangled by Joseph

Skill      XL: |  1  2  3  4  5  6  7  8  9 |
---------------+----------------------------+-----
Long Blades    | 3 4 5 6 7 9 11 | 11.1
Fighting       | 3 4 5 7 8 |  8.7
Throwing       | |  1.7
Dodging        | |  2.6

Action                   |  1- 3 |  4- 6 |  7- 9 | 10-12 || total
-------------------------+-------+-------+-------+-------++-------
Melee: Long sword        |    68 |       |       |       ||    68
       Hand axe          |    40 |       |       |       ||    40
       Rapier            |       |   111 |   296 |    11 ||   418
       Kick              |       |       |       |     3 ||     3
Throw: Throwing net      |       |     1 |     2 |       ||     3
       Javelin           |       |       |     5 |     2 ||     7
  Use: Scroll            |       |     7 |       |       ||     7
       Potion            |       |       |       |     1 ||     1
 Stab: Sleeping          |     4 |       |     1 |       ||     5
  Eat: Chunk             |     1 |     3 |     4 |     1 ||     9
       Ration            |       |     1 |     3 |       ||     4
Armor: Leather armour    |    27 |    35 |    79 |     1 ||   142
Dodge: Dodged            |    56 |    54 |   168 |     6 ||   284
Block: Other             |       |       |     9 |       ||     9
       Rpst.: Long sword |    11 |       |       |       ||    11
